[Event "Masterklassen 2025"]
[Site "Uppsala, Sweden"]
[Date "2025.07.03"]
[Round "6.12"]
[White "Tornberg, Carlos"]
[Black "Johansson, William"]
[Result "0-1"]
[TimeControl "90 min for 40 move + 30 min with an increment of 30 sec starting move 1"]
[WhiteFideId "1733478"]
[BlackFideId "1744070"]
[WhiteElo "2233"]
[BlackElo "2026"]

1. e4 c6 2. d4 d5 3. Nc3 dxe4 4. Nxe4 Nf6 5. Nxf6+ exf6 6. c3 Bd6 7. Bd3 O-O 8. Ne2 Re8 9.
O-O Nd7 10. Ng3 g6 11. Bh6 Nf8 12. Be3 f5 13. Qd2 Ne6 14. Bh6 Qh4 15. Bc4 Nf4 16. Bxf4 Bxf4 17. Qc2 Be6 18. Qb3 Bxc4 19.
Qxc4 Re7 20. Qc5 a6 21. Rad1 Rd8 22. Rd3 Bd6 23. Qb6 Bc7 24. Qb4 Bd6 25. Qb3 Rde8 26. Qd1 Re2 27. Rd2 Rxd2 28.
Qxd2 f4 29. Nh1 f3 30. Ng3 fxg2 31.
Kxg2 Qe7 32. Qc2 h5 33. f3 Qg5 34. Kf2 h4 35. Ne4 Qf4 36. Kg1 Bc7 37. Rf2 Kg7 38. Qd2 f5 39. Nc5 Qxd2 40.
Rxd2 Bf4 41. Rc2 h3 42. Nd3 Bc7 43. Rd2 g5 44. Kf1 Kh6 45. Nf2 Bf4 46. Rd3 Bxh2 47. Nxh3 Kh5 48. Rd2 Bg3 49.
Nf2 g4 50. fxg4+ fxg4 51. Nd3 Bd6 52. b3 g3 53. Nb2 Kg4 54. Kg2 Bf4 55. Rc2 Rh8 56. Re2 Rh2+ 57. Kf1 Rxe2 58. Kxe2 g2 59.
Kf2 Kh3 60. Nd3 Bh2 0-1

[Event "Masterklassen 2025"]
[Site "Uppsala, Sweden"]
[Date "2025.07.03"]
[Round "6.13"]
[White "Ask, Josef"]
[Black "Wakeham, Daniel"]
[Result "1-0"]
[TimeControl "90 min for 40 move + 30 min with an increment of 30 sec starting move 1"]
[WhiteTitle "FM"]
[WhiteFideId "1704583"]
[BlackFideId "1705482"]
[WhiteElo "2121"]
[BlackElo "2045"]

1. g3 d5 2. Bg2 Nf6 3. f4 Bf5 4. d3 e6 5. Nf3 Bc5 6. h3 h5 7. Ne5 Nbd7 8. c4 c6 9. d4 Bb4+ 10.
Nc3 Ne4 11. Bxe4 Bxe4 12. O-O Bxc3 13. bxc3 Nxe5 14. fxe5 dxc4 15. Rf4 Qd5 16. Qf1 Bg6 17. Ba3 b6 18. e4 Qb5 19. Bd6 O-O-O 20. Rb1 Qa6 21. a4 Rd7 22. Rb4 b5 23. axb5 cxb5 24. Qxc4+ Kb7 25. Rxb5+ 1-0

[Event "Masterklassen 2025"]
[Site "Uppsala, Sweden"]
[Date "2025.07.03"]
[Round "6.14"]
[White "Malm, Simon"]
[Black "Sundin, Emanuel"]
[Result "0-1"]
[TimeControl "90 min for 40 move + 30 min with an increment of 30 sec starting move 1"]
[WhiteFideId "1759825"]
[BlackFideId "1719173"]
[WhiteElo "2007"]
[BlackElo "2117"]

1. d4 Nf6 2. c4 e6 3. Nf3 Bb4+ 4. Bd2 a5 5. a3 Bxd2+ 6. Qxd2 b6 7. Nc3 Bb7 8. Qc2 d5 9. cxd5 Nxd5 10.
e4 Nxc3 11. bxc3 O-O 12. Bd3 Nd7 13. h4 e5 14. Nxe5 Nxe5 15. dxe5 Qe7 16. f4 Qc5 17. Ke2 Rfd8 18. Rhd1 Rd7 19.
Kf3 Rad8 20. a4 Bc6 21. Be2 h5 22. Rxd7 Bxd7 23. f5 Bc6 24. Rd1 Rxd1 25. Qxd1 Qxe5 26. Qd8+ Kh7 27. Kf2 Bxe4 28.
Bxh5 Qxf5+ 29. Bf3 Bxf3 30. gxf3 Qc5+ 31. Kg2 Qxc3 32. Qd5 Qb2+ 33. Kh3 Qf6 34. Qh5+ Kg8 35. Kh2 Qd6+ 36. Kh3 Qe6+ 37.
Kh2 Qd6+ 38. Kh3 Qd7+ 39. Kg3 Qxa4 40. Qd5 Qc2 41. h5 Qc5 42. Qd8+ Kh7 43. Qd3+ Kh6 44. f4 Qxh5 45. Qd8 Qg6+ 46.
Kf3 Qc6+ 47. Kg3 Kh7 48. Qh4+ Qh6 49. Qe7 Qg6+ 50. Kf3 Qc6+ 51. Kg3 Qd6 52. Qe8 c5 53. Kf3 Qd5+ 54. Kg4 0-1

[Event "Masterklassen 2025"]
[Site "Uppsala, Sweden"]
[Date "2025.07.03"]
[Round "6.15"]
[White "Lind, Jan-Olov"]
[Black "Schriever-Abeln, Marius"]
[Result "1/2-1/2"]
[TimeControl "90 min for 40 move + 30 min with an increment of 30 sec starting move 1"]
[WhiteFideId "1701193"]
[BlackFideId "1752650"]
[WhiteElo "2057"]
[BlackElo "2052"]

1. e4 c5 2. Nf3 d6 3. d4 cxd4 4. Nxd4 Nf6 5. Nc3 a6 6. Bc4 e6 7. Be3 b5 8. Bb3 Be7 9. Qe2 O-O 10.
f3 Qc7 11. O-O-O Bd7 12. g4 Nc6 13. g5 Nh5 14. Qd2 Nxd4 15. Qxd4 a5 16. e5 Ra6 17. a4 bxa4 18. Bxa4 Bxa4 19.
Qxa4 Rb8 20. exd6 Rxd6 21. Ne4 Rc6 22. c3 Rb4 23. Qc2 a4 24. Kb1 Rb3 25. Rd3 Nf4 26. Bxf4 Qxf4 27. Rhd1 Qb8 28.
c4 Rcb6 29. Rxb3 axb3 30. Qc3 Qa8 31. Rd7 Bf8 32. Qd4 Qa2+ 33. Kc1 Qa1+ 34. Kd2 Bb4+ 35. Ke3 Qg1+ 36. Kd3 Qf1+ 37. Ke3 Qg1+ 38.
Kd3 Qb1+ 39. Ke3 Qe1+ 40. Kd3 Qf1+ 41. Ke3 Qg1+ 1/2-1/2

[Event "Masterklassen 2025"]
[Site "Uppsala, Sweden"]
[Date "2025.07.03"]
[Round "6.16"]
[White "Mardell, Jimmy"]
[Black "Bjorkman, Filip"]
[Result "1-0"]
[TimeControl "90 min for 40 move + 30 min with an increment of 30 sec starting move 1"]
[WhiteFideId "1705610"]
[BlackFideId "1734970"]
[WhiteElo "2227"]
[BlackElo "2113"]

1. e4 c5 2. Nf3 Nc6 3. d4 cxd4 4. Nxd4 Nf6 5. Nc3 e5 6. Ndb5 d6 7. Bg5 a6 8. Na3 b5 9. Nab1 Be7 10.
Bxf6 Bxf6 11. a4 b4 12. Nd5 O-O 13. Bc4 Be6 14. O-O Bg5 15. Qd3 a5 16. c3 Rb8 17. Bb5 Ne7 18. Nxe7+ Bxe7 19.
cxb4 axb4 20. Bc4 Qc7 21. Nd2 Bg5 22. b3 Rfd8 23. Rac1 Qb7 24. Bd5 Bxd5 25. exd5 Bxd2 26. Qxd2 Rdc8 27.
h3 h6 28. Rfd1 Qb6 29. Rxc8+ Rxc8 30. Rc1 Rc5 31. Qe3 Rxc1+ 32. Qxc1 Qd4 33. a5 Qxd5 34. a6 Qa8 35. Qc4 d5 36.
Qb5 Qc8 37. Kh2 Kh7 38. a7 Qf5 39. a8=Q Qxf2 40. Qxb4 e4 41. Qa1 1-0

[Event "Masterklassen 2025"]
[Site "Uppsala, Sweden"]
[Date "2025.07.04"]
[Round "7.1"]
[White "Crevatin, Leo"]
[Black "Cederstam, Carl"]
[Result "1/2-1/2"]
[TimeControl "90 min for 40 move + 30 min with an increment of 30 sec starting move 1"]
[WhiteTitle "FM"]
[BlackTitle "FM"]
[WhiteFideId "1726307"]
[BlackFideId "1713329"]
[WhiteElo "2248"]
[BlackElo "2316"]

1. d4 Nf6 2. c4 e6 3. Nf3 d5 4. g3 Be7 5. Bg2 O-O 6. O-O dxc4 7. Qc2 a6 8. a4 Bd7 9. Qxc4 Bc6 10.
Bf4 Bd6 1/2-1/2

[Event "Masterklassen 2025"]
[Site "Uppsala, Sweden"]
[Date "2025.07.04"]
[Round "7.2"]
[White "Mashhadi, Peyman"]
[Black "Walinder, Lars"]
[Result "0-1"]
[TimeControl "90 min for 40 move + 30 min with an increment of 30 sec starting move 1"]
[BlackTitle "FM"]
[WhiteFideId "1768581"]
[BlackFideId "1707329"]
[WhiteElo "2132"]
[BlackElo "2181"]

1. d4 Nf6 2. c4 e6 3. g3 Bb4+ 4. Nd2 c5 5. a3 Bxd2+ 6. Qxd2 cxd4 7. Qxd4 Nc6 8. Qh4 d5 9. Bg2 O-O 10.
Nf3 d4 11. O-O e5 12. b4 Re8 13. Ng5 Bf5 14. g4 Bg6 15. Qg3 Qd7 16. Bd2 e4 17. f4 exf3 18. exf3 Re2 19. Rf2 Rae8 20.
Bf1 d3 21. Bxe2 dxe2 22. Qf4 Nd4 23. Re1 Bd3 24. Be3 Nc2 25. Bd2 Nxe1 26. Bxe1 Bc2 27. Qg3 Qd1 28. Rg2 h6 29. Nh3 Re3 30.
Kh1 Rxf3 31. Qxf3 Qxe1+ 32. Ng1 Be4 33. Qxe2 Qxe2 34. Nxe2 Nxg4 35. Nc3 Bxg2+ 36. Kxg2 Ne3+ 37. Kf3 Nxc4 38.
a4 Kf8 39. Nb5 a6 40. Nd4 Nb6 41. a5 Nd5 42. b5 axb5 43. Nxb5 Ke7 44. Ke4 Nb4 45. Nd4 g6 46. Ke5 f6+ 47.
Ke4 Kd6 48. h4 Nc6 49. Nb3 h5 50. Kd3 Kd5 51. Ke3 g5 52. Nd2 gxh4 53. Nb3 Ke5 54. Kf2 Kf4 55. Kg2 Kg4 56. Kh2 f5 57.
Kg2 h3+ 58. Kf2 f4 59. Nd2 Nxa5 60. Nf3 b5 61. Nh2+ Kf5 62. Kf3 Nc4 63. Nf1 b4 0-1

[Event "Masterklassen 2025"]
[Site "Uppsala, Sweden"]
[Date "2025.07.04"]
[Round "7.3"]
[White "Muntean, Victor"]
[Black "Hammarstrom, Ulf"]
[Result "1-0"]
[TimeControl "90 min for 40 move + 30 min with an increment of 30 sec starting move 1"]
[WhiteFideId "1054414"]
[BlackFideId "1710214"]
[WhiteElo "2140"]
[BlackElo "2176"]

1. e4 c5 2. Bc4 Nf6 3. e5 d5 4. Bb5+ Nfd7 5. e6 fxe6 6. Qh5+ g6 7. Qe5 Rg8 8. Qxe6 Rg7 9. Qxd5 e6 10.
Qb3 a6 11. Be2 Nc6 12. Nf3 b5 13. Qxe6+ Re7 14. Qxc6 Rb8 15. Kd1 Bb7 16. Qd6 Rxe2 17. Qg3 Bxf3 18. Qxf3 Re5 19. d3 Rb6 20.
Bf4 Rf6 21. Qg3 Ref5 22. Bg5 Bd6 23. Re1+ Kf7 24. Qh4 Qh8 25. Nc3 Be5 26. Bxf6 Nxf6 27. g4 Bxc3 28. gxf5 Bxe1 29. fxg6+ Kxg6 30.
Kxe1 Qe8+ 31. Kd2 Qe5 32. Qg3+ 1-0

[Event "Masterklassen 2025"]
[Site "Uppsala, Sweden"]
[Date "2025.07.04"]
[Round "7.4"]
[White "Eriksson, Jorgen"]
[Black "Odell-Johansson, Leo"]
[Result "1-0"]
[TimeControl "90 min for 40 move + 30 min with an increment of 30 sec starting move 1"]
[WhiteFideId "1701967"]
[BlackFideId "1722727"]
[WhiteElo "2160"]
[BlackElo "1991"]

1. d4 d5 2. Nf3 Nf6 3. Bf4 c5 4. e3 e6 5. c3 Nc6 6. Nbd2 Nh5 7. Be5 f6 8. Bg3 g6 9. Be2 Bd7 10.
O-O Nxg3 11. hxg3 cxd4 12. exd4 Bd6 13. c4 dxc4 14. Nxc4 Bc7 15. d5 Na5 16. Nxa5 Bxa5 17. dxe6 Bxe6 18.
Qa4+ Kf7 19. Rfd1 Qb6 20. Bc4 Bxc4 21. Qxc4+ Ke7 22. Qe4+ Kf8 23. Rd7 Re8 24. Qd5 Re7 25. Rxe7 Kxe7 26.
Ng5 Rf8 27. Rd1 Qc6 28. Qxa5 fxg5 29. Qxg5+ Kf7 30. Rd4 Re8 31. Qd5+ Qxd5 32. Rxd5 Re1+ 33. Kh2 Ke6 34. Rd2 h5 35.
f3 b6 36. Rd3 Re2 37. Ra3 Rxb2 38. Rxa7 Kd5 39. a4 Ra2 40. Kh3 Ra1 41. g4 Ke5 42. gxh5 gxh5 43. Re7+ Kf5 44. Re4 Rb1 45.
Rh4 Kg5 46. Rd4 Rh1+ 47. Kg3 Rb1 48. Rd5+ Kg6 49. Rb5 Ra1 50. Rxb6+ Kf5 51. Rb5+ Kg6 52. Ra5 Kh6 53. Kf4 Ra2 54.
Ra6+ Kg7 55. g3 Re2 56. Kg5 Re3 57. Ra7+ Kf8 58. Kf4 Ra3 59. Ra5 Kf7 60. Rxh5 Rxa4+ 61. Kf5 Ra3 62. Kg4 Kg6 63.
Rb5 Ra6 64. f4 Kg7 65. Rb7+ Kf6 66. Kh4 Kf5 67. Rb5+ Kf6 68. g4 Ra1 69. Rb6+ Kf7 70. Kh5 1-0

[Event "Masterklassen 2025"]
[Site "Uppsala, Sweden"]
[Date "2025.07.04"]
[Round "7.5"]
[White "Granath, Jonas"]
[Black "Nygren, David"]
[Result "1/2-1/2"]
[TimeControl "90 min for 40 move + 30 min with an increment of 30 sec starting move 1"]
[WhiteFideId "1761013"]
[BlackFideId "1704761"]
[WhiteElo "2008"]
[BlackElo "2094"]

1. e4 e6 2. d4 d5 3. e5 c5 4. c3 Nc6 5. Nf3 Nge7 6. Na3 cxd4 7. cxd4 Nf5 8. Nc2 Be7 9. Be2 Bd7 10.
O-O g5 11. h3 h5 12. Ne3 g4 13. hxg4 Nxe3 14. Bxe3 hxg4 15. Nh2 f5 16. exf6 Qc7 17. Nxg4 Bd6 18. f4 O-O-O 19. Ne5 Be8 20.
Bg4 Bxe5 21. fxe5 Qh7 22. Bh3 Kb8 23. Qg4 Bf7 24. Kh2 Rdg8 25. Qe2 Bh5 26. Qf2 Nd8 27. Rac1 Nf7 28. Qc2 Bg6 29.
Qc7+ Ka8 30. Rf3 Be4 31. Rg3 Bxg2 32. Rxg8+ Qxg8 33. Qc8+ Qxc8 34. Rxc8+ Rxc8 35. Kxg2 Rc6 36. Bg4 Kb8 37.
Bh5 Rc7 38. Bxf7 Rxf7 39. Kf3 Kc8 40. Kg4 Kd7 41. Kg5 Ke8 42. Kg6 Kf8 43. Bh6+ Kg8 44. Bg7 Rc7 45. Bh6 Rd7 46. Bd2 a6 47.
Bb4 Rh7 1/2-1/2

[Event "Masterklassen 2025"]
[Site "Uppsala, Sweden"]
[Date "2025.07.04"]
[Round "7.6"]
[White "Hagevi, Vidar"]
[Black "Eklund, Joel"]
[Result "1/2-1/2"]
[TimeControl "90 min for 40 move + 30 min with an increment of 30 sec starting move 1"]
[WhiteFideId "1767526"]
[BlackFideId "1705288"]
[WhiteElo "2139"]
[BlackElo "2194"]

1. d4 Nf6 2. c4 g6 3. Nc3 Bg7 4. e4 d6 5. Be2 O-O 6. Be3 c6 7. g4 a6 8. g5 Nfd7 9. h4 b5 10.
Nf3 e5 11. d5 b4 12. Na4 c5 13. h5 Re8 14. Nh2 Nf8 15. Bg4 Nbd7 16. Kd2 a5 17. Qg1 Rb8 18. hxg6 fxg6 19. Qg3 Re7 20.
Qh4 Qe8 21. Rag1 Rf7 22. Bd1 Ba6 23. Be2 Rb7 24. Ng4 Rf4 25. f3 Nb8 26. b3 Rbf7 27. Nb2 Nbd7 28. Nd3 a4 29. Qh2 Qa8 30.
Nb2 Bc8 31. Ra1 Nb6 32. Nf2 Ra7 33. Qg1 Rff7 34. Qd1 Ra5 35. Rb1 Rfa7 36. Bf1 axb3 37. axb3 Ra2 38. Nfd3 Ra1 39. Bh3 Rxb1 40.
Qxb1 Bxh3 41. Rxh3 Ra1 42. Qc2 Qa3 43. Nc1 Nfd7 44. Rg3 Nb8 45. Rg1 Na6 46. Ncd3 Nc7 47. Rxa1 Qxa1 48. Nd1 Bf8 49.
Nc1 Ne8 50. Qa2 Qxa2+ 51. Nxa2 Nd7 52. Nf2 h6 53. gxh6 Kh7 54. Ng4 Nef6 55. Ke2 Nxg4 56. fxg4 Bxh6 57. g5 Bf8 58. Nc1 Be7 59.
Nd3 Kg7 60. Kf3 Kf7 61. Kg4 Bd8 62. Bg1 Be7 63. Bh2 Bd8 64. Ne1 Be7 65. Nf3 Bd8 66. Bg3 Be7 67. Nh4 Bd8 68. Be1 Be7 69.
Nf3 Bd8 70. Bd2 Be7 71. Ne1 Bd8 72. Nc2 Ke7 73. Kf3 Ke8 74. Kg4 1/2-1/2

[Event "Masterklassen 2025"]
[Site "Uppsala, Sweden"]
[Date "2025.07.04"]
[Round "7.7"]
[White "Karde, Douglas"]
[Black "Johnson, Daniel"]
[Result "1/2-1/2"]
[TimeControl "90 min for 40 move + 30 min with an increment of 30 sec starting move 1"]
[WhiteFideId "1761498"]
[BlackFideId "1721283"]
[WhiteElo "2064"]
[BlackElo "2175"]

1. e4 e5 2. f4 exf4 3. Nf3 Nf6 4. e5 Nh5 5. d4 d6 6. exd6 Bxd6 7. Be2 O-O 8. O-O c5 9. c3 Nc6 10.
Ne5 Nf6 11. Nxc6 bxc6 12. Bxf4 Bxf4 13. Rxf4 Qb6 14. Nd2 Nd5 15. Nc4 Qb8 16. Rh4 cxd4 17. Qxd4 Be6 18. Rf1 Ne7 19. Qc5 Ng6 20.
Rd4 Qb5 21. Qxb5 cxb5 22. Nd6 a6 23. c4 bxc4 24. Bxc4 Bxc4 25. Nxc4 Rae8 26. Rd6 Re6 27. Rfd1 Rfe8 28. a4 Kf8 29.
b4 Re4 30. R6d4 Nf4 31. Kf1 Ne2 32. Rxe4 Rxe4 33. Rd8+ Ke7 34. Re8+ Kxe8 35. Nd6+ Kd7 36. Nxe4 Nf4 37. Nc5+ Kc6 38. Nxa6 Nd5 39. b5+ Kb6 40.
Nb8 Kc7 41. Na6+ Kb6 42. Nb8 Kc7 43. Na6+ 1/2-1/2

[Event "Masterklassen 2025"]
[Site "Uppsala, Sweden"]
[Date "2025.07.04"]
[Round "7.8"]
[White "Dingertz, Erik"]
[Black "Willstedt, Lukas"]
[Result "1/2-1/2"]
[TimeControl "90 min for 40 move + 30 min with an increment of 30 sec starting move 1"]
[WhiteFideId "1741578"]
[BlackFideId "1751913"]
[WhiteElo "2121"]
[BlackElo "2055"]

1. Nf3 d5 2. g3 Nd7 3. d4 Nb6 4. Bg2 Bf5 5. O-O e6 6. b3 Be7 7. c4 c6 8. Nbd2 h6 9. Bb2 Nf6 10.
Ne5 O-O 11. Rc1 a5 12. a3 Nbd7 13.
Nd3 Rc8 14. c5 b5 15. Re1 Qc7 16. Nf3 Be4 17. Rc2 Rfd8 18. Bc1 Nf8 19. Bf4 Qb7 20.
h4 Ng6 21. Bd2 Ra8 22. Bh3 a4 23. b4 Bf8 24. Rc1 Nd7 25. h5 Ne7 26. Nh4 Nf6 27. Nf4 Nf5 28. f3 Nxd4 29. fxe4 Nxe4 30. Bc3 Nb3 31. Qd3 Nxc1 32. Rxc1 Qe7 33. Rf1 Ng5 34. Bg4 e5 35.
Nfg6 fxg6 36. Nxg6 Qb7 37. Bxe5 Re8 38.
Qf5 Qf7 39. Qd7 Qxd7 40. Bxd7 Re6 41. Bxc6 Rxc6 42. Rxf8+ Rxf8 43. Ne7+ Kf7 44. Nxc6 Re8 45. Kf1 Ne4 46. Bf4 Nc3 47. Nd4 Re4 48. e3 Ke8 49. Ke1 Kd7 50. Nc2 Kc6 51. Kd2 Nb1+ 52. Kc1 Nxa3 53. Nxa3 Rxb4 54.
Be5 Rg4 55. Bd6 d4 56. Kd2 dxe3+ 57. Kxe3 b4 58. Nc2 b3 59. Na3 Rg5 60. Nc4 Rxh5 61.
Ke4 Rxc5 62. Bxc5 Kxc5 63. Kd3 Kb4 64. Ne5 a3 65.
Nc6+ Kc5 66. Nd4 b2 67. Nb3+ Kb4 68. Kc2 1/2-1/2

[Event "Masterklassen 2025"]
[Site "Uppsala, Sweden"]
[Date "2025.07.04"]
[Round "7.9"]
[White "Ostensson, Julia"]
[Black "Ask, Josef"]
[Result "0-1"]
[TimeControl "90 min for 40 move + 30 min with an increment of 30 sec starting move 1"]
[BlackTitle "FM"]
[WhiteFideId "1747703"]
[BlackFideId "1704583"]
[WhiteElo "2005"]
[BlackElo "2121"]

1. d4 b6 2. e4 Bb7 3. Nc3 e6 4. Be3 Bb4 5. f3 d5 6. Nge2 dxe4 7. fxe4 Qh4+ 8. Bf2 Qxe4 9. Qd2 Bxc3 10.
Qxc3 Nf6 11. Qxc7 O-O 12. c3 Nbd7 13. O-O-O Rac8 14. Qf4 e5 15. dxe5 Nxe5 16. Qxe4 Nxe4 17. Bd4 Ng4 18. Rg1 Nxh2 19.
Nf4 Nxf1 20. Rdxf1 Ng3 21. Re1 Rfd8 22. Kb1 Nf5 23. Bf2 Rd2 24. Ne2 Ba6 25. Ng3 Rxf2 26. Nxf5 Bd3+ 27. Ka1 Rxf5 28.
g4 Ra5 29. Rg3 Bc4 30. a3 Be6 31. Rge3 g6 32. c4 Rxc4 0-1

[Event "Masterklassen 2025"]
[Site "Uppsala, Sweden"]
[Date "2025.07.04"]
[Round "7.10"]
[White "Johansson, William"]
[Black "Sundin, Emanuel"]
[Result "0-1"]
[TimeControl "90 min for 40 move + 30 min with an increment of 30 sec starting move 1"]
[WhiteFideId "1744070"]
[BlackFideId "1719173"]
[WhiteElo "2026"]
[BlackElo "2117"]

1. e4 c5 2. Nf3 g6 3. d4 cxd4 4. Nxd4 Nc6 5. Nc3 Bg7 6. Be3 Nf6 7. Bc4 O-O 8. f3 Qb6 9. O-O Qxb2 10.
Nxc6 bxc6 11. Bd4 Qb4 12. Qd3 d6 13. Rab1 Qa5 14. Rfe1 Nd7 15. Bxg7 Kxg7 16. f4 Nb6 17. Bb3 Qc5+ 18.
Kh1 a5 19. a4 e6 20. Qf3 Ra7 21. g4 f5 22. gxf5 exf5 23. e5 d5 24. Rbd1 Re7 25. Ne2 Bb7 26. Nd4 Na8 27. Qf2 Kh8 28.
Qh4 Nc7 29. Rg1 Rg7 30. Qh6 Qe7 31. h4 c5 32. Nb5 Nxb5 33.
axb5 c4 34. Ba2 Qa3 35. Kh2 Qxa2 36. Rxg6 Qxc2+ 37. Kh3 Qb3+ 38. Kh2 Qb2+ 39. Kh1 d4+ 0-1

[Event "Masterklassen 2025"]
[Site "Uppsala, Sweden"]
[Date "2025.07.04"]
[Round "7.11"]
[White "Soppela, Toni"]
[Black "Jonsson, Jacob"]
[Result "1/2-1/2"]
[TimeControl "90 min for 40 move + 30 min with an increment of 30 sec starting move 1"]
[WhiteFideId "1766163"]
[BlackFideId "1726315"]
[WhiteElo "2090"]
[BlackElo "2112"]

1. d4 Nf6 2. c4 e6 3. Nc3 d5 4. cxd5 exd5 5. Bg5 c6 6. Qc2 Be7 7. e3 Nbd7 8. Bd3 Nh5 9. Bxe7 Qxe7 10.
Nge2 g6 11. O-O O-O 12. Rab1 a5 13. a3 Ng7 14. Rfe1 Nf6 15. Ng3 Rd8 16. Rbd1 1/2-1/2

[Event "Masterklassen 2025"]
[Site "Uppsala, Sweden"]
[Date "2025.07.04"]
[Round "7.12"]
[White "Kingsley, Elias"]
[Black "Mardell, Jimmy"]
[Result "0-1"]
[TimeControl "90 min for 40 move + 30 min with an increment of 30 sec starting move 1"]
[WhiteFideId "1775006"]
[BlackFideId "1705610"]
[WhiteElo "2072"]
[BlackElo "2227"]

1. d4 d5 2. c4 c6 3. Nf3 Nf6 4. cxd5 cxd5 5. Nc3 Nc6 6. Bf4 a6 7. e3 Bg4 8. Bd3 e6 9. O-O Bd6 10.
Bxd6 Qxd6 11. Rc1 O-O 12. a3 Rac8 13. Ne2 Ne4 14. Nd2 Bf5 15. Bxe4 Bxe4 16. Nxe4 dxe4 17. Qb3 b5 18. Qc3 Ne7 19.
Qa5 Nd5 20. Nc3 f5 21. Nxd5 exd5 22. Qb4 Qxb4 23. axb4 Rc4 24. Rxc4 bxc4 25. Ra1 Rb8 26. g4 f4 27. exf4 Rxb4 28.
Rxa6 Rxb2 29. Ra5 Rd2 30. Rxd5 c3 31. Rc5 c2 32. Kg2 e3 33. Rc8+ Kf7 34. Rc7+ Ke6 35. d5+ Kd6 0-1

[Event "Masterklassen 2025"]
[Site "Uppsala, Sweden"]
[Date "2025.07.04"]
[Round "7.13"]
[White "Lundberg, David"]
[Black "Lind, Jan-Olov"]
[Result "1-0"]
[TimeControl "90 min for 40 move + 30 min with an increment of 30 sec starting move 1"]
[WhiteFideId "1707051"]
[BlackFideId "1701193"]
[WhiteElo "2193"]
[BlackElo "2057"]

1. e4 c5 2. Nf3 g6 3. d4 cxd4 4. Nxd4 Bg7 5. c4 Nc6 6. Be3 Nf6 7. Nc3 O-O 8. Be2 d6 9. f3 Bd7 10.
Qd2 Nxd4 11. Bxd4 Bc6 12. O-O-O a6 13. g4 b5 14. h4 Qa5 15. Kb1 Rfe8 16. h5 Rab8 17. hxg6 hxg6 18. g5 Nh5 19.
Bxg7 Kxg7 20. Qd4+ Kg8 21. f4 Qb6 22. Qxb6 Rxb6 23. Bxh5 gxh5 24. cxb5 axb5 25. Nd5 Bxd5 26. Rxd5 Ra8 27.
b3 Rc8 28. Rxh5 Rc3 29. Rd2 Rf3 30. f5 Rf1+ 31. Kb2 f6 32. g6 e6 33. Rdh2 exf5 34. exf5 Kf8 35. Rh8+ 1-0

[Event "Masterklassen 2025"]
[Site "Uppsala, Sweden"]
[Date "2025.07.04"]
[Round "7.14"]
[White "Darnell, Anton"]
[Black "Wakeham, Daniel"]
[Result "0-1"]
[TimeControl "90 min for 40 move + 30 min with an increment of 30 sec starting move 1"]
[WhiteFideId "1720244"]
[BlackFideId "1705482"]
[WhiteElo "2007"]
[BlackElo "2045"]

1. d4 e6 2. c4 Nf6 3. Nf3 Bb4+ 4. Bd2 Qe7 5. g3 Nc6 6. Nc3 a5 7. Bg2 d6 8. O-O O-O 9. Rc1 e5 10.
Bg5 Bxc3 11. Rxc3 h6 12. Bxf6 Qxf6 13. d5 Nb4 14. a3 Na6 15. Nd2 Qg6 16. e4 Bd7 17. b3 f5 18. f4 Rae8 19.
Qb1 Nc5 20. fxe5 Rxe5 21. Rcf3 Rf6 22. Rf4 Nxe4 23. Nxe4 fxe4 24. Bxe4 Qg5 25. Qd3 Bh3 26. R1f2 Kf7 27. b4 axb4 28.
axb4 Ke7 29. c5 Rxf4 30. Rxf4 Kd8 31. cxd6 cxd6 32. Qb5 Qe7 33. Qa5+ Kc8 34. Qa8+ Kc7 35. Qa5+ Kb8 36. Bg2 Re1+ 37. Rf1 Qe3+ 38.
Kh1 Rxf1+ 0-1

[Event "Masterklassen 2025"]
[Site "Uppsala, Sweden"]
[Date "2025.07.04"]
[Round "7.15"]
[White "Schriever-Abeln, Marius"]
[Black "Tornberg, Carlos"]
[Result "1-0"]
[TimeControl "90 min for 40 move + 30 min with an increment of 30 sec starting move 1"]
[WhiteFideId "1752650"]
[BlackFideId "1733478"]
[WhiteElo "2052"]
[BlackElo "2233"]

1. d4 Nf6 2. c4 e6 3. Nf3 c5 4. d5 exd5 5. cxd5 d6 6. Nc3 g6 7. Nd2 Bg7 8. e4 O-O 9. Be2 b6 10.
O-O Ba6 11. Re1 Nfd7 12. f4 Bxe2 13. Qxe2 a6 14. a4 Ra7 15. Nc4 Nf6 16. Qf3 Rd7 17. Be3 Ne8 18. Rad1 Rb7 19. e5 b5 20.
axb5 axb5 21. Nxd6 Nxd6 22. Bxc5 Nc4 23. Bxf8 Kxf8 24. b3 Na5 25. Ne4 Qb6+ 26. Kh1 Nd7 27. Rc1 Rc7 28. Ng5 h6 29.
d6 Rc6 30. e6 fxe6 31. Nxe6+ Kg8 32. Nxg7 Rxc1 33. Qd5+ Kxg7 34. Rxc1 Qe3 35. Rd1 Nxb3 36. Qxb5 Nbc5 37. Qb2+ Kh7 38.
Qd4 Qxd4 39. Rxd4 Kg7 40. g4 Kf6 41. Kg2 Ke6 42. Kg3 Nf6 43. Kh4 Kf7 44. Rd1 Ne6 45. g5 hxg5+ 46. fxg5 Ne4 47.
d7 Nd8 48. Re1 Nd6 49. Kg4 Nc6 50. h4 Nc4 51. Kf4 Nd6 52. Re2 Nd8 53. Kg4 N6b7 54. Re8 Ne6 55. Kg3 Nbd8 56. Kf3 Nc6 57.
Ke3 Ncd8 58. Ke4 Kg7 59. Ke5 Kf7 60. Kd6 Nb7+ 61. Kc6 Nbd8+ 62. Kb6 Kg7 63. Ka7 Kf7 64. Kb8 Nc6+ 65. Kb7 Ncd8+ 66. Kc8 Nc6 67. d8=Q Nexd8 68. Rxd8 Ne7+ 69. Kc7 Nf5 70. Rd7 Ke6 71. Rh7 Ng3 72. Kd8 Kf5 73. Ke8 Ne2 74. Kf7 Nd4 75.
Rh6 Nf3 76. Kg7 Ne5 77. Rh8 Kg4 78. Kf6 Kf4 79. Ra8 Nf3 80. Ra4+ 1-0

[Event "Masterklassen 2025"]
[Site "Uppsala, Sweden"]
[Date "2025.07.04"]
[Round "7.16"]
[White "Stanley, Mikael"]
[Black "Malm, Simon"]
[Result "0-1"]
[TimeControl "90 min for 40 move + 30 min with an increment of 30 sec starting move 1"]
[WhiteFideId "1703730"]
[BlackFideId "1759825"]
[WhiteElo "2150"]
[BlackElo "2007"]

1. e4 c6 2. d4 d5 3. f3 dxe4 4. fxe4 e5 5. Nf3 Bg4 6. Bc4 Nd7 7. O-O Ngf6 8. c3 Bd6 9. Bg5 O-O 10.
Nbd2 Qc7 11. Qe1 b5 12. Bb3 c5 13. Qh4 c4 14. Bc2 Bxf3 15. Rxf3 Qb6 16. Be3 Rfe8 17. Raf1 Rad8 18. Kh1 Qc7 19.
Bg5 Be7 20. Rf5 Nf8 21. Nf3 Ng6 22. Qg3 Nh5 23. Qg4 Bxg5 24. Nxg5 Nf6 25. Qh3 h6 26. Nf3 Re7 27. Rxf6 gxf6 28.
Qxh6 exd4 29. e5 fxe5 30. cxd4 exd4 31. Bf5 Qf4 32. Qh5 Kg7 33. Bh3 Re5 34. Qg4 Qxg4 35. Bxg4 Re2 36. Ng5 Re7 37.
Kg1 d3 38. Kf2 Rd5 39. h4 Nxh4 40. Nh3 Ng6 41. Bf3 0-1

[Event "Masterklassen 2025"]
[Site "Uppsala, Sweden"]
[Date "2025.07.05"]
[Round "8.1"]
[White "Cederstam, Carl"]
[Black "Eriksson, Jorgen"]
[Result "1-0"]
[TimeControl "90 min for 40 move + 30 min with an increment of 30 sec starting move 1"]
[WhiteTitle "FM"]
[WhiteFideId "1713329"]
[BlackFideId "1701967"]
[WhiteElo "2316"]
[BlackElo "2160"]

1. e4 c5 2. Nf3 e6 3. d4 cxd4 4. Nxd4 a6 5. Nc3 b5 6. Bd3 Bb7 7. Qe2 Qb6 8. Nf3 Qc7 9. O-O Nf6 10.
e5 Nd5 11. Bd2 Nxc3 12. Bxc3 Be7 13. Rfe1 O-O 14. a3 f5 15. exf6 gxf6 16. Ng5 Bc5 17. Bxh7+ Kg7 18. Qg4 1-0

[Event "Masterklassen 2025"]
[Site "Uppsala, Sweden"]
[Date "2025.07.05"]
[Round "8.2"]
[White "Walinder, Lars"]
[Black "Crevatin, Leo"]
[Result "1/2-1/2"]
[TimeControl "90 min for 40 move + 30 min with an increment of 30 sec starting move 1"]
[WhiteTitle "FM"]
[BlackTitle "FM"]
[WhiteFideId "1707329"]
[BlackFideId "1726307"]
[WhiteElo "2181"]
[BlackElo "2248"]

1. c4 e6 2. Nc3 d5 3. e3 Nf6 4. Nf3 b6 5. cxd5 exd5 6. b4 Bb7 7. Bb2 a6 8. Qb3 Nbd7 9. Be2 Be7 10.
O-O O-O 11. a4 c6 12. b5 axb5 13. axb5 c5 14. d4 c4 15. Qc2 Qc7 16. Nd2 Bb4 17. Bf3 Ra5 18. Rab1 Re8 19. Ba1 Bf8 20.
Rfe1 Raa8 1/2-1/2